 Dungeon Crawl Stone Soup version 0.30.0-29-ga12c61a403 (webtiles) character file.

Game seed: 16102687946200692489

16013 Graphine the Nimble (level 12, -3/145 HPs)
             Began as a Merfolk Gladiator on June 22, 2023.
             Was a High Priest of the Shining One.
             Slain by a boulder beetle (18 damage)
             ... on level 11 of the Dungeon.
             The game lasted 00:26:29 (9187 turns).

Graphine the Nimble (Merfolk Gladiator)             Turns: 9187, Time: 00:26:31

Health: -3/145     AC:  7    Str: 18    XL:     12   Next: 33%
Magic:  19/19      EV: 20    Int:  7    God:    the Shining One [*****.]
Gold:   582        SH:  0    Dex: 17    Spells: 11/11 levels left

rFire   + + .        m - +5 scythe (flame)
rCold   + . .        (shield currently unavailable)
rNeg    + + .        r - +1 leather armour "Uluph" {rPois rF+ rC+ SInv}
rPois   +            h - +2 hat
rElec   .            (no cloak)
rCorr   .            H - +0 pair of gloves
SInv    +            (no boots)
Will    .....        j - amulet of faith Stlth
                     i - ring of protection from fire
HPRegen 0.44/turn    (no ring)
MPRegen 0.16/turn

%: faith
@: berserking, glowing, studying Dodging, very quick
A: (nimble swimmer 2), mertail
a: Renounce Religion, Divine Shield, Cleansing Flame, Summon Divine Warrior


You were on level 11 of the Dungeon.
You worshipped the Shining One.
The Shining One was extremely pleased with you.
You visited 1 branch of the dungeon, and saw 11 of its levels.

You collected 694 gold pieces.
You spent 112 gold pieces at shops.

Inventory:

Hand Weapons
 m - a +5 scythe of flaming (weapon)
 o - a +0 longbow
 K - a +2 trident of venom
 L - a +0 halberd of protection
Missiles
 d - 2 throwing nets
 I - 4 javelins (quivered)
 N - 2 boomerangs
Armour
 h - a +2 hat (worn)
 r - the +1 leather armour "Uluph" (worn) {rPois rF+ rC+ SInv}
   (You found it on level 4 of the Dungeon)

   rF:        It protects you from fire.
   rC:        It protects you from cold.
   rPois:     It protects you from poison.
   SInv:      It lets you see invisible.
 y - a +1 kite shield
 H - a +0 pair of gloves (worn)
Jewellery
 c - a +6 ring of dexterity
 i - a ring of protection from fire (left hand)
 j - an amulet of faith (around neck)
 u - an amulet of magic regeneration
 G - a ring of wizardry
 O - an amulet of the acrobat
Wands
 e - a wand of roots (13)
 x - a wand of digging (3)
 A - a wand of flame (47)
 D - a wand of light (13)
 J - a wand of charming (8)
Scrolls
 a - 2 scrolls of fog
 f - 5 scrolls of identify
 p - 2 scrolls of noise
 s - 2 scrolls of amnesia
 t - 2 scrolls of teleportation
 w - 2 scrolls of immolation
 z - a scroll of blinking
 R - a scroll of magic mapping {unknown}
Potions
 b - 4 potions of flight
 g - 8 potions of curing
 k - 3 potions of attraction
 l - 4 potions of lignification
 n - 2 potions of might
 q - 3 potions of heal wounds
 v - 3 potions of magic
 B - 2 potions of mutation
 C - a potion of degeneration
 E - 2 potions of resistance
 M - 3 potions of ambrosia
 P - a potion of invisibility {unknown}
 Q - a potion of brilliance {unknown}


   Skills:
 + Level 9.9 Fighting
 + Level 12.1 Polearms
 + Level 9.1 Throwing
 * Level 14.2 Dodging
 + Level 9.5 Invocations


You had 11 spell levels left.
You didn't know any spells.
Your spell library contained the following spells:

 Spells                   Type           Power      Damage    Failure   Level
 Volatile Blastmotes      Fire/Tloc      0%         2d10      86%         3
 Fulminant Prism          Conj/Hex       0%         3d5       99%         4
 Iskenderun's Mystic Bla  Conj/Tloc      0%         2d3       99%         4
 Petrify                  Tmut/Erth      0%         N/A       99%         4
 Lee's Rapid Deconstruct  Erth           0%         3d4*      100%        5
 Metabolic Englaciation   Hex/Ice        0%         N/A       100%        5
 Statue Form              Tmut/Erth      0%         N/A       100%        6


Dungeon Overview and Level Annotations

Branches:
Dungeon (11/15)            Temple (0/1) D:7            Lair (0/5) D:10
    Orc (0/2) D:10

Altars:
Ashenzari
Dithmenos
Elyvilon
Kikubaaqudgha
Okawaru
Qazlal
Ru
Sif Muna
Trog
Uskayaw
Xom
Zin
The Shining One

Shops:
D:4 *   D:5 ==(*   D:10 *

Annotations:
D:1 1 transporter


Innate Abilities, Weirdness & Mutations

((You are very nimble when in or above water. (Stealth+, EV+, Speed+++)))
Your lower body shifts to a powerful aquatic tail in water.


Message History

Throw: 6 javelins
Press: ? - help, Shift-Dir - straight line, f/p - boulder beetle
Aim: a boulder beetle (severely wounded, blind, haloed, 97% to hit)
You throw a javelin.
The javelin pierces through the boulder beetle but does no damage.
The boulder beetle is severely wounded.
Throw: 5 javelins
Press: ? - help, Shift-Dir - straight line, f/p - boulder beetle
Aim: a boulder beetle (severely wounded, blind, haloed, 97% to hit)
You throw a javelin.
The javelin pierces through the boulder beetle.
The boulder beetle is severely wounded.
Reach: m) +5 scythe (flame)
Press: ? - help, Dir - move target, f/p - boulder beetle
Aim: a boulder beetle (severely wounded, blind, haloed, about 3% to evade your +5 scythe of flaming)
You hit the boulder beetle but do no damage.
The boulder beetle is severely wounded.
The boulder beetle bites you.
A centaur warrior comes into view.
Reach: m) +5 scythe (flame)
Press: ? - help, Dir - move target, f/p - boulder beetle
Aim: a boulder beetle (severely wounded, blind, haloed, about 3% to evade your +5 scythe of flaming)
The centaur warrior shouts!
You hit the boulder beetle. You burn the boulder beetle.
The boulder beetle is severely wounded.
The centaur warrior wields a +0 shortbow.
The centaur warrior shoots an arrow.
The arrow hits you!
* * * LOW HITPOINT WARNING * * *
The boulder beetle misses you.
You feel much better.
The centaur warrior shoots an arrow.
The arrow hits you! The boulder beetle barely misses you.
The centaur warrior shoots an arrow.
The arrow hits you.
* * * LOW HITPOINT WARNING * * *
A red film seems to cover your vision as you go berserk!
You feel yourself moving faster!
You feel mighty!
The boulder beetle is no longer blind.
The centaur warrior shoots an arrow.
The arrow hits you!!
* * * LOW HITPOINT WARNING * * *
The boulder beetle bites you!!
You die...

.......# .......#
....#### .......#
....#### ###..# #
##.##################
# #.##...(..(..#..c..#
# #.##..##.##(B@..# #
#.....##)##....##
###..########### ##..#
... #..# #.... #....
...#..
######################
#.......#....# ##
#.......#.#..#


You could see a boulder beetle and a centaur warrior.

Vanquished Creatures
  Josephine (D:10)
  Erica (D:8)
  2 two-headed ogres
  The ghost of Bnni the Cleaver, a novice FoWr of Okawaru (D:10)
  Pikel (D:7)
  2 manticores (D:11)
  A deep elf pyromancer (D:10)
  An oklob plant (D:10)
  Maurice (D:8)
  Joseph (D:7)
  Maggie (D:7)
  A komodo dragon (D:11)
  3 hornets
  2 trolls (D:10)
  A queen bee (D:10)
  4 shadows
  Sigmund (D:4)
  6 wraiths
  3 yaks (D:10)
  3 wyverns
  A steam dragon (D:5)
  Menkaure (D:7)
  5 vampire mosquitoes (D:11)
  Edmund (D:4)
  2 acid dragons
  A two-headed ogre zombie (D:10)
  3 sky beasts (D:7)
  2 ice beasts (D:6)
  5 orc warriors (D:10)
  A black bear (D:5)
  An ogre (D:10)
  3 centaurs
  2 phantoms (D:10)
  A bullfrog (D:7)
  2 scorpions
  2 gnoll sergeants
  16 wights
  A troll zombie (D:10)
  16 killer bees
  4 electric eels (D:6)
  4 howler monkeys
  6 hounds
  6 orc priests
  4 sleepcaps
  An iguana (D:4)
  8 orc wizards
  Natasha (thrice) (D:3)
  6 ogre zombies (D:10)
  7 gnolls
  11 adders
  A shadow imp (D:5)
  4 ufetubi
  3 worms
  2 dart slugs
  42 orcs
  9 endoplasms
  2 giant cockroaches
  11 goblins
  7 hobgoblins
  5 jackals
  A quokka (D:1)
  10 ball pythons
  5 bats
  3 frilled lizards
  2 goblin skeletons (D:10)
  4 goblin zombies (D:10)
  2 hobgoblin skeletons (D:10)
  4 hobgoblin zombies (D:10)
  5 kobolds
  3 orc skeletons (D:10)
  10 orc zombies (D:10)
  7 rats
305 creatures vanquished.

Notes
Turn   | Place    | Note
-------+----------+-------------------------------------------
     0 | D:1      | Graphine the Merfolk Gladiator began the quest for the Orb.
     0 | D:1      | Reached XP level 1. HP: 16/16 MP: 1/1
   212 | D:1      | Reached XP level 2. HP: 23/23 MP: 2/2
   356 | D:1      | Found a faded altar of an unknown god.
   412 | D:1      | Prayed at the altar of an unknown god.
   412 | D:1      | Became a worshipper of the Shining One
   412 | D:1      | Reached * piety under the Shining One
   701 | D:1      | Reached XP level 3. HP: 28/28 MP: 3/3
   963 | D:2      | Found a glowing silver altar of Zin.
  1171 | D:2      | Reached skill level 1 in Invocations
  1376 | D:3      | Reached XP level 4. HP: 34/34 MP: 4/4
  1377 | D:3      | Noticed Natasha
  1382 | D:3      | Killed Natasha
  1418 | D:3      | Noticed Natasha
  1428 | D:3      | Killed Natasha
  1455 | D:3      | Noticed Natasha
  1465 | D:3      | Killed Natasha
  1466 | D:3      | Reached skill level 5 in Polearms
  1466 | D:3      | Reached skill level 5 in Dodging
  1466 | D:3      | Reached XP level 5. HP: 25/41 MP: 6/6
  1532 | D:3      | You fall into a shaft and drop 3 floors!
  1550 | D:5      | Entered Level 5 of the Dungeon
  1568 | D:4      | Identified the +1 leather armour "Uluph" {rPois rF+ rC+
                  | SInv}
  1596 | D:4      | Reached ** piety under the Shining One
  2054 | D:4      | Reached XP level 6. HP: 45/47 MP: 7/7
  2100 | D:4      | Noticed Sigmund
  2110 | D:4      | Killed Sigmund
  2190 | D:4      | Found Failon's Gadget Gallery.
  2312 | D:4      | Reached XP level 7. HP: 42/54 MP: 9/9
  2437 | D:4      | Noticed Edmund
  2447 | D:4      | Reached skill level 6 in Dodging
  2451 | D:4      | Killed Edmund
  2703 | D:4      | Found a broken altar of Ashenzari.
  2703 | D:4      | Found a shimmering blue altar of Sif Muna.
  2711 | D:4      | Found a stormy altar of Qazlal.
  2716 | D:4      | Found a hide-covered altar of Uskayaw.
  2718 | D:4      | Found a sacrificial altar of Ru.
  2723 | D:4      | Reached XP level 8. HP: 61/61 MP: 10/10
  2951 | D:5      | Found Qymmacuqisch's Jewellery Shop.
  3076 | D:5      | Found Imit's Antique Weapon Boutique.
  3086 | D:5      | Reached skill level 5 in Fighting
  3105 | D:5      | Reached skill level 7 in Dodging
  3240 | D:5      | Found an iron altar of Okawaru.
  3243 | D:5      | Found a white marble altar of Elyvilon.
  3246 | D:5      | Found an ancient bone altar of Kikubaaqudgha.
  3254 | D:5      | Found Rat Footz's Jewellery Boutique.
  3336 | D:5      | Found Guameps's General Store.
  3341 | D:5      | Bought a scroll of enchant weapon for 112 gold pieces
  3607 | D:6      | Reached skill level 5 in Throwing
  4099 | D:6      | Reached skill level 5 in Invocations
  4104 | D:6      | Reached XP level 9. HP: 39/69 MP: 12/12
  4749 | D:7      | Noticed Joseph
  4757 | D:7      | Killed Joseph
  4758 | D:7      | Reached skill level 8 in Dodging
  4932 | D:7      | Noticed a hornet
  4941 | D:7      | Killed a hornet
  5092 | D:7      | Found a staircase to the Ecumenical Temple.
  5219 | D:7      | Noticed Maggie
  5232 | D:7      | Killed Maggie
  5365 | D:7      | Noticed Pikel
  5365 | D:7      | Noticed Menkaure
  5368 | D:7      | Killed Pikel
  5369 | D:7      | Reached skill level 9 in Dodging
  5369 | D:7      | Reached XP level 10. HP: 79/79 MP: 14/14
  5370 | D:7      | Killed Menkaure
  5385 | D:7      | Reached *** piety under the Shining One
  5494 | D:7      | Found a bloodstained altar of Trog.
  6216 | D:8      | Noticed Maurice
  6229 | D:8      | Killed Maurice
  6248 | D:8      | Noticed a two-headed ogre
  6257 | D:8      | Killed a two-headed ogre
  6258 | D:8      | Reached skill level 10 in Polearms
  6258 | D:8      | Reached skill level 10 in Dodging
  6292 | D:8      | Found a glowing silver altar of Zin.
  6473 | D:8      | Noticed Erica
  6481 | D:8      | Killed Erica
  6828 | D:9      | Reached XP level 11. HP: 87/87 MP: 16/16
  6862 | D:9      | Noticed a two-headed ogre
  6868 | D:9      | Killed a two-headed ogre
  7083 | D:9      | Found a shadowy altar of Dithmenos.
  7171 | D:10     | Entered Level 10 of the Dungeon
  7171 | D:10     | Reached **** piety under the Shining One
  7202 | D:10     | Reached skill level 11 in Dodging
  7210 | D:10     | Reached ***** piety under the Shining One
  7224 | D:10     | Found a staircase to the Orcish Mines.
  7328 | D:10     | Found a staircase to the Lair.
  7331 | D:10     | Noticed an oklob plant
  7336 | D:10     | Killed an oklob plant
  7475 | D:10     | Noticed Bnni's ghost (novice FoWr)
  7517 | D:10     | Noticed a deep elf pyromancer
  7523 | D:10     | Killed a deep elf pyromancer
  7584 | D:10     | Found a transporter.
  7589 | D:10     | Found a transporter.
  7853 | D:10     | Found Ciassecw's Assorted Antiques.
  7869 | D:10     | Identified a scroll of acquirement
  7870 | D:10     | Acquired a manual of Dodging
  7966 | D:10     | Noticed Josephine
  7977 | D:10     | Killed Josephine
  7978 | D:10     | Reached skill level 12 in Dodging
  8250 | D:10     | Killed Bnni's ghost
  8251 | D:10     | Reached skill level 13 in Dodging
  8251 | D:10     | Reached XP level 12. HP: 78/96 MP: 18/18
  8500 | D:11     | Found a shimmering altar of Xom.
  9105 | D:11     | Reached skill level 14 in Dodging
  9159 | D:11     | Noticed a boulder beetle
  9184 | D:11     | Noticed a centaur warrior
  9187 | D:11     | Slain by a boulder beetle

Illustrated notes

Levels and vault maps discovered:
D:1:      spicycebolla_arrival_risky_transporter, layout_basic,
          chequers_ecumenical_altar_island, minmay_misc_feat_tower
D:2:      layout_rooms, basic_altar
D:3:      layout_rooms, uniq_natasha
D:4:      layout_cave_pools, chequers_temple_overflow_minitemple,
          nicolae_shop_gadgets, uniq_sigmund, uniq_edmund
D:5:      layout_rooms, grunt_temple_overflow_diamond, serial_shops,
          nicolae_shop_advertising_works [nicolae_subvault_shop_adworks], shop,
          shop, kennysheep_little_box, kennysheep_generic_room_10
D:6:      layout_basic, serial_bayou, serial_bayou_pond_d, serial_bayou_pond_c,
          serial_bayou_crossing, serial_bayou_lagoon_b
D:7:      layout_gridville, mainiacjoe_overflow_surrounded_room,
          minmay_temple_entry_statues_pillars, uniq_joseph, uniq_pikel,
          uniq_maggie, uniq_menkaure
D:8:      layout_basic, marbit_many_paths, serial_rivers,
          chequers_serial_rivers_large_a, chequers_serial_rivers_micro_d,
          chequers_serial_rivers_micro_c, chequers_serial_rivers_marsh,
          chequers_serial_rivers_small_3, chequers_serial_rivers_small_b,
          uniq_maurice, uniq_erica
D:9:      layout_rooms, grunt_dithmenos_shadows
D:10:     layout_roguey [special_room_orc], dpeg_oklobed_lair,
          zombieorc2_lemuel, gammafunk_ghost_hive, serial_shops, shop,
          chequers_mini_garden, uniq_josephine
D:11:     minmay_tile_spiral, layout_stronghold, xom_teletrap_fun, uniq_urug

Skill      XL: |  1  2  3  4  5  6  7  8  9 10 11 12 |
---------------+-------------------------------------+-----
Invocations    | 1 2 3 5 6 7 9 |  9.5
Fighting       | 3 4 5 7 8 9 |  9.9
Polearms       | 5 6 7 9 10 11 12 | 12.1
Dodging        | 5 6 7 9 10 13 14 | 14.2
Throwing       | 3 4 5 6 7 8 9 |  9.1

Action                     |  1- 3 |  4- 6 |  7- 9 | 10-12 || total
---------------------------+-------+-------+-------+-------++-------
  Melee: Trident           |    85 |    66 |       |       ||   151
         Tailslap          |     1 |       |     3 |       ||     4
         Halberd           |       |    15 |   136 |   325 ||   476
   Fire: Sling             |    20 |     8 |       |       ||    28
         Longbow           |       |    40 |       |       ||    40
  Throw: Javelin           |       |       |    57 |   112 ||   169
         Throwing net      |       |       |     1 |     2 ||     3
 Invoke: Divine Shield     |       |       |     1 |     2 ||     3
         Cleansing Flame   |       |       |       |     2 ||     2
  Evoke: Wand              |       |       |       |     3 ||     3
    Use: Scroll            |     3 |     6 |    12 |     5 ||    26
         Potion            |       |       |       |     2 ||     2
 Armour: Leather armour    |    22 |    20 |    22 |    35 ||    99
  Dodge: Dodged            |    36 |    65 |   110 |   246 ||   457
  Block: Other             |       |       |     3 |    51 ||    54
